 Dungeon Crawl Stone Soup version 0.18.1-5-g4a78601 (webtiles) character file.

1348 Denapoli the Blocker (level 8, -4/58 HPs)
             Began as a Formicid Fighter on May 14, 2016.
             Was a Follower of Okawaru.
             Slain by an orc warrior
             ... wielding a +0 halberd
              (14 damage)
             ... on level 7 of the Dungeon.
             The game lasted 00:10:20 (5562 turns).

Denapoli the Blocker (Formicid Fighter)             Turns: 5562, Time: 00:10:21

Health: -4/58      AC: 12    Str: 28    XL:     8   Next: 94%
Magic:  8/8        EV: 14    Int:  7    God:    Okawaru [*.....]
Gold:   369        SH: 12    Dex: 11    Spells: 0 memorised, 7 levels left

rFire  . . .     SeeInvis +     a - +0 long sword
rCold  . . .     Gourm    .     z - +2 ring mail {rPois}
rNeg   . . .     Faith    +     c - +0 shield
rPois  +         Spirit   .     (helmet unavailable)
rElec  .         Dismiss  .     j - +2 cloak
rCorr  .         Reflect  .     (no gloves)
SustAt +         Harm     .     E - +0 pair of boots (curse)
MR     .....                    i - amulet of faith
Stlth  +.........               r - ring of sustain attributes
                                n - +4 ring of evasion

@: mighty, not resistant to hostile enchantments, very unstealthy
A: permanent stasis, dig shafts and tunnels, four strong arms, antennae 3
a: Dig, Shaft Self, Heroism, Renounce Religion


You were on level 7 of the Dungeon.
You worshipped Okawaru.
Okawaru was aware of your devotion.
You were hungry.

You visited 2 branches of the dungeon, and saw 8 of its levels.
You also visited: Ossuary.

You collected 369 gold pieces.

Inventory:

Hand Weapons
 a - a +0 long sword (weapon)
Armour
 c - a +0 shield (worn)
 j - a +2 cloak (worn)
 z - a +2 ring mail of poison resistance (worn)
 E - a cursed +0 pair of boots (worn)
Jewellery
 i - an amulet of faith (around neck)
 n - a +4 ring of evasion (left hand)
 r - a ring of sustain attributes (right hand)
Wands
 y - a wand of digging (1/24)
 C - a wand of digging (10/24)
 D - a wand of confusion (7/48)
Scrolls
 b - 4 scrolls of immolation
 e - a scroll of enchant armour
 o - 2 scrolls of remove curse
 p - a scroll of enchant weapon
 q - a scroll of fog
 v - 3 scrolls of teleportation
 A - a scroll of blinking
 H - 3 scrolls of noise
Potions
 d - 2 potions of might
 g - 4 potions of mutation {unknown}
 m - 2 potions of resistance
 s - a potion of ambrosia
 t - 3 potions of magic {unknown}
 w - 5 potions of agility {unknown}
 x - a potion of brilliance
 B - 2 potions of invisibility {unknown}
Books
 F - a book of Envenomations

   Spells                             Type                      Level
   a - Spider Form                    Transmutation/Poison         3
   b - Olgreb's Toxic Radiance        Poison                       4
   c - Alistair's Intoxication        Transmutation/Poison         5
   d - Poisonous Cloud                Conjuration/Poison/Air       6
Comestibles
 f - 4 bread rations
 h - 4 meat rations
 k - a chunk of flesh


   Skills:
 - Level 3.2 Fighting
 * Level 7.6 Long Blades
 - Level 3.2 Armour
 - Level 9.3 Shields


You had 7 spell levels left.
You didn't know any spells.

Dungeon Overview and Level Annotations

Branches:
Dungeon (7/15)             Temple (1/1) D:5

Altars:
Ashenzari
Dithmenos
Elyvilon
Fedhas
Gozag
Kikubaaqudgha
Makhleb
Nemelex Xobeh
Okawaru
Pakellas
Qazlal
Sif Muna
Trog
Vehumet
Xom
Yredelemnul
Zin
The Shining One

Shops:
D:5 %


Innate Abilities, Weirdness & Mutations

You are under a permanent stasis effect.
You can dig through walls and to a lower floor.
Your four strong arms can wield two-handed weapons with a shield.
You have a pair of large antennae on your head (SInv).


Message History

The orc warrior is heavily wounded.
The orc warrior hits you with a halberd!
Drink which item? (? for menu, Esc to quit)
You feel very mighty all of a sudden.
The orc warrior hits you with a halberd!
* * * LOW HITPOINT WARNING * * *
You are too injured to fight recklessly!
You are too injured to fight recklessly!
Drink which item? (? for menu, Esc to quit)
You feel better.
You slash the orc warrior!
The orc warrior is almost dead.
The orc warrior hits you with a halberd!!
* * * LOW HITPOINT WARNING * * *
You are too injured to fight recklessly!
The orc warrior hits you but does no damage.
Drink which item? (? for menu, Esc to quit)
You feel better.
The orc warrior hits you from afar with a halberd!
You die...

{ ### ########<# #........#
####### #........#
.......########........#######
..........)o.lo.@..........)...>.
..........########........#.#.###
.......... #........#.#...#
.......... ########.#.#.#.#
.......... ######### #.#.#.#.#
.....##### #.......# #.#.#.#.#
.....#########.......####.#.#.#.#
.............!..........#.#.#.#.#
#.###+###..###................#.#


You could see an orc warrior, an orc and a giant newt.

Vanquished Creatures
  Sigmund (D:3)
  A black bear (D:7)
  A sky beast (D:6)
  An ogre (D:4)
  Blork the orc (D:5)
  3 giant frogs
  2 scorpions (D:6)
  A crimson imp (D:6)
  A centaur zombie (Ossuary)
  2 human zombies (Ossuary)
  A centaur skeleton (D:6)
  An iguana (D:4)
  5 worker ants
  A big kobold zombie (Ossuary)
  A hound skeleton (D:5)
  5 mummies
  7 adders
  A howler monkey skeleton (D:5)
  An ooze (D:7)
  An adder zombie (D:6)
  An adder skeleton (D:5)
  A worm (D:3)
  A dart slug (D:1)
  2 giant geckos
  9 orcs
  2 giant cockroaches
  3 goblins
  7 hobgoblins
  12 jackals
  3 quokkas
  2 ball pythons
  7 bats
  A giant cockroach zombie (D:6)
  A giant gecko skeleton (D:5)
  5 giant newts
  A gnoll zombie (Ossuary)
  A goblin zombie (D:7)
  A hobgoblin zombie (Ossuary)
  A jackal skeleton (D:3)
  A jackal zombie (D:5)
  5 kobolds
  A kobold zombie (Ossuary)
  An orc zombie (Ossuary)
  3 rats
110 creatures vanquished.

Notes
Turn   | Place    | Note
--------------------------------------------------------------
     0 | D:1      | Denapoli the Formicid Fighter began the quest for the Orb.
     0 | D:1      | Reached XP level 1. HP: 18/18 MP: 1/1
   241 | D:1      | Reached skill level 4 in Shields
   309 | D:1      | Reached XP level 2. HP: 24/24 MP: 2/2
   941 | D:2      | Reached XP level 3. HP: 28/29 MP: 3/3
  1000 | D:2      | Found a sparkling altar of Nemelex Xobeh.
  1024 | D:2      | Reached skill level 5 in Shields
  1257 | D:2      | Found a shadowy altar of Dithmenos.
  1325 | D:2      | Found a bloodstained altar of Trog.
  2018 | D:2      | Reached XP level 4. HP: 32/35 MP: 4/4
  2135 | D:3      | Reached skill level 6 in Shields
  2218 | D:3      | Reached XP level 5. HP: 38/41 MP: 5/5
  2290 | D:3      | Found a deep blue altar of Sif Muna.
  2365 | D:3      | Found a glowing silver altar of Zin.
  2370 | D:3      | Noticed Sigmund
  2384 | D:3      | Killed Sigmund
  2384 | D:3      | Reached skill level 8 in Shields
  2384 | D:3      | Reached XP level 6. HP: 29/47 MP: 6/6
  3090 | D:4      | Reached XP level 7. HP: 52/52 MP: 7/7
  3161 | D:4      | Reached skill level 9 in Shields
  3170 | D:4      | Found an oddly glowing altar of Pakellas.
  3503 | D:5      | Entered Level 5 of the Dungeon
  3574 | D:5      | Found Ravipp's Food Shoppe.
  3712 | D:5      | Noticed Blork the orc
  3723 | D:5      | Killed Blork the orc
  4006 | D:5      | Found an ancient bone altar of Kikubaaqudgha.
  4137 | D:5      | Found a staircase to the Ecumenical Temple.
  4358 | Temple   | Entered the Ecumenical Temple
  4633 | D:6      | Reached XP level 8. HP: 53/58 MP: 8/8
  4718 | D:6      | Found a stormy altar of Qazlal.
  4721 | D:6      | Noticed a fire elemental
  4721 | D:6      | Noticed an air elemental
  4721 | D:6      | Noticed a water elemental
  4745 | D:6      | Reached skill level 5 in Long Blades
  4804 | D:6      | Found a burning altar of Makhleb.
  4805 | D:6      | Found a radiant altar of Vehumet.
  4950 | D:6      | Found an iron altar of Okawaru.
  4954 | D:6      | Became a worshipper of Warmaster Okawaru
  5151 | D:7      | Found a sand-covered staircase.
  5164 | Ossuary  | Entered an ossuary
  5481 | D:7      | Reached * piety under Okawaru
  5562 | D:7      | Slain by an orc warrior

Skill      XL: |  1  2  3  4  5  6  7  8 |
---------------+-------------------------+-----
Shields        | 4 5 6 8 9 |  9.3
Long Blades    | 4 7 |  7.6
Fighting       | |  3.2
Armour         | |  3.2

Action                   |  1- 3 |  4- 6 |  7- 9 || total
-------------------------+-------+-------+-------++-------
Melee: Long sword        |   121 |   153 |   282 ||   556
 Abil: Dig               |       |     1 |       ||     1
  Use: Potion            |       |     2 |     6 ||     8
       Scroll            |       |       |    18 ||    18
  Eat: Chunk             |     3 |     4 |     4 ||    11
       Bread ration      |       |       |     1 ||     1
Armor: Scale mail        |    44 |    40 |     8 ||    92
       Ring mail         |       |       |    55 ||    55
Dodge: Dodged            |    56 |    85 |   114 ||   255
Block: Shield            |   100 |    95 |   129 ||   324
